 Dungeon Crawl Stone Soup version 0.21.1-1-g345015f (webtiles) character file.

14 Iko the Insei (level 2, -4/21 HPs)
             Began as a Barachi Transmuter on May 28, 2018.
             Slain by an orc priest
             ... wielding a +0 whip
              (5 damage)
             ... on level 3 of the Dungeon.
             The game lasted 00:01:14 (118 turns).

Iko the Insei (Barachi Transmuter)                   Turns: 118, Time: 00:01:17

Health: -4/21      AC:  4    Str: 13    XL:     2   Next: 45%
Magic:  3/5        EV: 12    Int: 11    God:
Gold:   12         SH:  0    Dex: 12    Spells: 4/5 levels left

rFire    . . .     SeeInvis .   e - +0 club
rCold    . . .     Gourm    .   (no shield)
rNeg     . . .     Faith    .   b - +0 robe
rPois    .         Spirit   .   (no helmet)
rElec    .         Reflect  .   (no cloak)
rCorr    .         Harm     .   (no gloves)
MR       .....                  (boots currently unavailable)
Stlth    +.........             (no amulet)
HPRegen  0.07/turn              (no ring)
MPRegen  0.09/turn              (no ring)

@: appendage (expiring), very slightly contaminated, slow
A: +LOS, swims, talons 3, molten scales 1, dopey 1, slowness 1, strong 1, wild
magic 1, strong legs 1
a: Hop, End Transformation


You were on level 3 of the Dungeon.
You were not hungry.
You had grown temporary talons.
You visited 1 branch of the dungeon, and saw 3 of its levels.

You collected 12 gold pieces.

Inventory:

Hand Weapons
 e - a +0 club (weapon)
Missiles
 a - 12 arrows
Armour
 b - a +0 robe (worn)
Books
 c - a book of Changes

   Spells                             Type                      Level
   a - Beastly Appendage              Transmutation                1
   b - Sticks to Snakes               Transmutation                2
   c - Spider Form                    Transmutation/Poison         3
   d - Ice Form                       Ice/Transmutation            4
   e - Blade Hands                    Transmutation                5
Comestibles
 d - a ration


   Skills:
 + Level 1.4 Fighting
 + Level 2.3 Dodging
 + Level 3.6 Unarmed Combat
 + Level 2.3 Spellcasting
 + Level 2.5 Transmutations


You had 4 spell levels left.
You knew the following spells:

 Your Spells              Type           Power        Failure   Level  Hunger
a - Beastly Appendage     Tmut           #.....       14%         1    ##.....


Dungeon Overview and Level Annotations

Branches:
Dungeon (3/15)

Altars:


Innate Abilities, Weirdness & Mutations

Shadows flee at your approach. (+LOS)
You can swim through water.
You cover ground slowly.
You can hop short distances.
You have claws for feet.
You are partially covered in molten scales. (AC +2)
You are dopey. (Int -2)
Your muscles are strong. (Str +2)
Your spells are a little harder to cast, but a little more powerful.


Message History

The orc wizard gestures wildly while chanting.
The orc wizard blinks!
The orc priest hits you with a whip.
* * * LOW HITPOINT WARNING * * *
The orc barely misses you.
Unknown command.
You closely miss the orc.
You kill the orc!
The orc wizard mumbles some strange words.
The orc wizard blinks!
Unknown command.
You hit the orc priest but do no damage.
The orc priest hits you but does no damage.
You hit the orc priest but do no damage.
You claw the orc priest!
The orc priest is heavily wounded.
The orc wizard hits you but does no damage.
The orc priest closely misses you.
The orc wizard mumbles some strange words.
The orc wizard blinks!
The orc priest hits you with a whip.
You die...

# #...# ## #= #...# .. .
#...# .# . #...# .# # #.
#...# .#
.##.#.######...####.###
.......(..............#
...........(.......#..#
#.......@o.....<...#
......####.#ยง...#######
"..# #.#o...# # #.#....#
#.#....# #......#
#.....o# ##......
......=.


You could see an orc priest, an orc wizard and an orc.

Vanquished Creatures
  An adder (D:2)
  A leopard gecko (D:2)
  An orc (D:3)
  A hobgoblin (D:2)
4 creatures vanquished.

Notes
Turn   | Place    | Note
-------+----------+-------------------------------------------
     0 | D:1      | Iko the Barachi Transmuter began the quest for the Orb.
     0 | D:1      | Reached XP level 1. HP: 15/15 MP: 3/3
    31 | D:2      | Gained mutation: Your spells are a little harder to cast, but a little more powerful. [potion of mutation]
    31 | D:2      | Gained mutation: You are partially covered in molten scales. (AC +2) [potion of mutation]
    31 | D:2      | Gained mutation: You are dopey. (Int -2) [potion of mutation]
    31 | D:2      | Gained mutation: Your muscles are strong. (Str +2) [potion of mutation]
    42 | D:2      | Reached XP level 2. HP: 11/21 MP: 3/5
   115 | D:3      | HP: 1/21 [orc priest/whip (6)]
   118 | D:3      | Slain by an orc priest

Action                   || total
-------------------------++-------
Melee: Unarmed           ||    11
       Club              ||     5
       Kick              ||     3
       Punch             ||     1
 Cast: Beastly Appendage ||     2
  Use: Potion            ||     1
       Scroll            ||     1
Armor: Robe              ||     2
Dodge: Dodged            ||    15
